 Dungeon Crawl Stone Soup version 0.32-a0-422-g28b100f618 (webtiles) character file.

Game seed: 3613835914856615942

4 Bravepunisher the Ducker (level 1, 0/11 HPs)
             Began as a Spriggan Monk on Feb 21, 2024.
             Was a Believer of Makhleb.
             Slain by an adder (4 damage)
             ... on level 3 of the Dungeon.
             The game lasted 00:01:26 (322 turns).

Bravepunisher the Ducker (Spriggan Monk)             Turns: 322, Time: 00:01:27

Health: 0/11       AC:  2    Str:  7    XL:     1   Next: 50%
Magic:  2/2        EV: 19    Int: 11    God:    Makhleb [**....]
Gold:   0          SH:  0    Dex: 17    Spells: 0/0 levels left

rFire   . . .        a - +0 short sword
rCold   . . .        (no shield)
rNeg    . . .        b - +0 robe
rPois   .            (helmet restricted)
rElec   .            (no cloak)
rCorr   .            (gloves unavailable)
SInv    +            (boots unavailable)
Will    .....        (no amulet)
Stlth   +            (no ring)
HPRegen 0.21/turn    (no ring)
MPRegen 0.08/turn

%: no passive effects
@: confused, lethally poisoned (0 -> -5), ambrosia-drunk, very quick
A: very small, no large weapons, unfitting armour, see invisible, speed 3
a: Renounce Religion, Minor Destruction


You were on level 3 of the Dungeon.
You worshipped Makhleb.
Makhleb was pleased with you.
You visited 2 branches of the dungeon, and saw 6 of its levels.

Inventory:

Hand Weapons
 a - a +0 short sword (weapon)
Armour
 b - a +0 robe (worn)


   Skills:
 - Level 2.5 Fighting
 - Level 3.2 Short Blades
 - Level 4.2 Dodging
 * Level 0.0 Invocations


You couldn't memorise any spells.
You didn't know any spells.
Your spell library was empty.

Dungeon Overview and Level Annotations

Branches:
Dungeon (5/15)             Temple (1/1) D:4

Altars:
Ashenzari
Cheibriados
Dithmenos
Elyvilon
Fedhas
Hepliaklqana
Kikubaaqudgha
Makhleb
Nemelex Xobeh
Qazlal
Sif Muna
Trog
Uskayaw
Vehumet
Wu Jian
Yredelemnul
Zin
The Shining One

Shops:
D:4 [


Innate Abilities, Weirdness & Mutations

You are very small and have problems with some larger weapons.
You are too small for most types of armour.
You have supernaturally acute eyesight. (SInv)
You cover ground extremely quickly. (Speed+++)


Message History

You climb upwards.
Welcome back to the Dungeon!
There is a staircase to the Ecumenical Temple here.
There is a stone staircase leading up here.
You climb upwards.
The endoplasm barely misses you. The adder misses you.
There is a stone staircase leading down here.
The endoplasm closely misses you. The adder attacks as it pursues you!
The adder misses you.
The endoplasm attacks as it pursues you!
The endoplasm hits you. The bat barely misses you. The bat barely misses you.
You see here a +0 leather armour.
The bat misses you. The bat attacks as it pursues you!
The bat closely misses you.
An adder comes into view.
The bat completely misses you.
Found 2 stones.
The helpless adder fails to defend itself.
You puncture the adder!
The adder is almost dead.
The bat completely misses you. The adder bites you.
You closely miss the adder.
The adder is severely wounded.
The adder bites you.
You are poisoned.
The adder poisons you! The bat hits you but does no damage.
The adder closely misses you.
You barely miss the adder.
The adder is severely wounded.
You feel sick. The bat misses you. The bat closely misses you.
The adder bites you.
You are lethally poisoned!
The adder poisons you!
* * * LOW HITPOINT WARNING * * *
You feel sick. The bat closely misses you.
* * * LOW HITPOINT WARNING * * *
You feel sick.
You are confused.
You feel invigorated.
You feel sick. The bat hits you. The adder bites you.
You die...

#..#.......#..........# ...
##......_...#.#.......$#......
#.#####.. #.# .............#
#.# ##.####.#.##... #.. .#
#.#.# . #(# # #.#.# .. .....
#.#.# #.#


You could see 2 adders, an endoplasm and a bat.

Vanquished Creatures
  2 bats
  A frilled lizard (D:1)
3 creatures vanquished.

Notes
Turn   | Place    | Note
-------+----------+-------------------------------------------
     0 | D:1      | Bravepunisher the Spriggan Monk began the quest for the
                  | Orb.
     0 | D:1      | Reached XP level 1. HP: 11/11 MP: 2/2
    88 | D:3      | Found a snail-covered altar of Cheibriados.
   101 | D:3      | Found a sparkling altar of Nemelex Xobeh.
   116 | D:5      | Entered Level 5 of the Dungeon
   122 | D:4      | Found Suitwis's Antique Armour Shop.
   130 | D:4      | Found a staircase to the Ecumenical Temple.
   139 | Temple   | Entered the Ecumenical Temple
   208 | Temple   | Became a worshipper of Makhleb the Destroyer
   208 | Temple   | Reached * piety under Makhleb
   208 | Temple   | Reached ** piety under Makhleb
   322 | D:3      | Slain by an adder

Illustrated notes

Levels and vault maps discovered:
D:1:      minmay_arrival_doors, layout_basic
D:2:      layout_rooms, columned_hall_lemuel
D:3:      layout_basic, mainiacjoe_overflow_surrounded_room, lemuel_tele_altar,
          corexii_leaking_fountain, uniq_robin, uniq_natasha,
          uniq_crazy_yiuf_cottage
D:4:      layout_basic, minitemple, minmay_temple_entry_crystal_x,
          ebering_ghost_disaster_area, serial_shops, shop,
          nicolae_shop_overgrown_old_shop, shop, dreamdust_mushroom_princess
D:5:      layout_loops_cross, minmay_misc_feat_roman, serial_bayou_pond_a
Temple:   minmay_temple_bridge_d

Action                     || total
---------------------------++-------
  Melee: Short sword       ||     7
    Use: Potion            ||     1
   Stab: Sleeping          ||     1
 Armour: Robe              ||    15
  Dodge: Dodged            ||    32

Table legend: (Time is in decaauts)
 A = Elapsed time spent in this place.
 B = Non-inter-level travel time spent in this place.
 C = Inter-level travel time spent in this place.
 D = Time resting spent in this place.
 E = Time spent auto-exploring this place.
 F = Levels seen in this place.
 G = Mean time per level.
                   A        B        C        D        E       F      G
               +--------+--------+--------+--------+--------+-----+--------+
         Total |    208 |    114 |     94 |      0 |     27 |   6 |   34.7 |
       Dungeon |    124 |    112 |     12 |      0 |     27 |   5 |   24.8 |
        Temple |     84 |      3 |     81 |      0 |      0 |   1 |   84.0 |
               +--------+--------+--------+--------+--------+-----+--------+

Top non-repeatable levels by time:
  Temple: 84 daAuts
     D:1: 40 daAuts
     D:4: 36 daAuts
     D:3: 25 daAuts
     D:2: 19 daAuts
     D:5: 1 daAuts
